Map: [ESL] Tropical Sacrifice

Players

MaNa - Winner!

  • Race: Protoss Protoss
  • Spawn Location: 7:00

AqueroN

  • Race: Terran Terran
  • Spawn Location: 1:00

Event: DreamHack SC2 Masters 2022 Atlanta (Online)

VOD

Have the link to the VOD?

Description

Time

  • Played on: Oct. 1, 2022, 12:14 p.m.
  • Length: 12:02

All games in this series

Show
View Real Time Build Order
Export as new Build Order

MaNa Protoss - Winner!

Build Orders: Oracle Opening 

Get SALT Encoding   

  12  0:00  Probe  
  13  0:12  Probe  
  14  0:18  Pylon  
  14  0:24  Probe (Chrono Boost)  
  15  0:36  Gateway  
  15  0:37  Probe (Chrono Boost)  
  16  0:44  Probe (Chrono Boost)  
  16  0:46  Assimilator  
  17  0:51  Probe  
  18  1:03  Probe  
  19  1:18  Probe  
  19  1:23  Cybernetics Core  
  20  1:30  Probe  
  21  1:35  Assimilator  
  21  1:42  Probe  
  22  1:50  Pylon  
  22  1:55  Probe  
  23  2:05  Adept (Chrono Boost)  
  25  2:09  Stargate  
  25  2:12  Probe  
  26  2:18  Warp Gate  
  26  2:31  Nexus  
  26  2:35  Probe  
  27  2:45  Pylon  
  27  2:47  Probe  
  28  2:52  Oracle (Chrono Boost)  
  31  3:03  Probe  
  32  3:06  Stalker  
  34  3:15  Probe  
  35  3:22  Oracle  
  29  3:46  Shield Battery  
  28  3:54  Probe  
  21  4:09  Adept  
  22  4:16  Probe x2  
  23  4:28  Probe x2  
  24  4:40  Probe x2  
  26  4:50  Stalker  
  26  4:52  Probe  
  29  5:02  Probe  
  29  5:04  Probe  
  31  5:12  Oracle (Chrono Boost)  
  31  5:19  Probe  
  36  5:31  Probe  
  36  5:32  Adept  
  36  5:33  Probe  
  39  5:43  Probe  
  39  5:45  Probe  
  41  5:51  Oracle  
  41  5:55  Probe  
  45  5:58  Probe  
  44  6:05  Pylon  
  44  6:07  Probe  
  44  6:09  Sentry  
  44  6:11  Probe  
  48  6:24  Probe  
  49  6:28  Shield Battery, Probe  
  49  6:29  Gateway  
  50  6:36  Probe  
  51  6:40  Probe  
  52  6:47  Robotics Facility  
  52  6:48  Probe  
  52  6:52  Probe  
  52  6:53  Stalker  
  56  6:59  Shield Battery  
  56  7:00  Probe  
  55  7:04  Probe  
  55  7:06  Assimilator  
  55  7:07  Assimilator  
  56  7:12  Probe  
  57  7:15  Stalker  
  57  7:17  Pylon  
  57  7:21  Probe  
  60  7:24  Probe  
  61  7:34  Immortal (Chrono Boost), Probe  
  61  7:37  Probe  
  67  7:39  Robotics Bay  
  67  7:46  Probe  
  67  7:49  Probe, Pylon  
  69  7:52  Pylon  
  69  7:59  Probe  
  70  8:06  Pylon  
  70  8:08  Sentry, Pylon  
  70  8:10  Sentry  
  76  8:18  Nexus  
  76  8:19  Pylon  
  74  8:26  Colossus (Chrono Boost)  
  80  8:37  Extended Thermal Lance (Chrono Boost)  
  80  8:39  Twilight Council  
  80  8:49  Gateway  
  80  8:50  Probe x2  
  82  8:57  Gateway  
  82  9:05  Colossus (Chrono Boost)  
  88  9:12  Charge (Chrono Boost), Gateway  
  88  9:18  Gateway  
  88  9:21  Probe  
  88  9:22  Probe  
  90  9:43  Zealot, Stalker x2  
  96  9:50  Shield Battery  
  96  9:51  Shield Battery  
  96  9:54  Colossus (Chrono Boost)  
  100  10:07  Zealot x4  
  101  10:21  Zealot x2  
  101  10:29  Zealot x3  
  101  10:34  Zealot  
  109  10:44  Zealot x2  
  112  10:53  Templar Archives  
  110  11:03  Zealot x3  
  116  11:10  Pylon  
  116  11:11  Pylon  
  112  11:29  High Templar x5  
  112  11:30  High Templar  
  124  11:33  Archon x2  
  124  11:34  Archon  
  124  11:44  Probe x2  
  126  11:48  Probe  
  115  11:54  Zealot x6  
Show
View Real Time Build Order
Export as new Build Order

AqueroN Terran 

Build Orders:  

Get SALT Encoding   

  12  0:00  SCV  
  13  0:12  SCV  
  14  0:17  Supply Depot  
  14  0:24  SCV  
  15  0:38  SCV  
  15  0:40  Barracks  
  16  0:47  Refinery  
  16  0:50  SCV  
  17  1:03  SCV  
  18  1:08  Barracks  
  18  1:19  Engineering Bay  
  18  1:24  SCV  
  19  1:28  Marine  
  20  1:41  Orbital Command  
  20  1:46  Marine  
  21  1:52  Supply Depot  
  21  1:57  Barracks Tech Lab  
  21  2:04  Marine  
  21  2:07  SCV  
  23  2:15  Concussive Shells, Marauder  
  25  2:17  Supply Depot  
  25  2:21  Marine  
  26  2:27  SCV  
  27  2:36  Marauder  
  29  2:39  SCV, Marine  
  31  2:46  Factory  
  31  2:57  Marine  
  31  2:58  Marauder  
  34  3:00  SCV  
  34  3:05  Supply Depot  
  35  3:13  SCV  
  36  3:22  Marauder  
  36  3:26  SCV  
  31  3:34  Factory Tech Lab  
  31  3:38  SCV  
  30  3:48  Barracks Reactor  
  30  3:50  SCV  
  27  4:01  Cyclone  
  27  4:02  SCV  
  31  4:14  SCV  
  30  4:26  SCV, Marine x3  
  34  4:32  Command Center  
  34  4:39  Cyclone  
  34  4:44  Marine x3  
  40  4:49  SCV  
  33  5:02  Marine  
  31  5:08  SCV  
  32  5:18  Marine  
  32  5:19  Marine  
  32  5:21  Marine  
  34  5:24  SCV  
  36  5:29  Widow Mine  
  38  5:36  Marine  
  38  5:37  Marine  
  38  5:40  Supply Depot  
  40  5:44  SCV  
  40  5:46  Marine  
  41  6:01  Orbital Command  
  41  6:07  SCV  
  41  6:09  Marine  
  41  6:10  Marine  
  44  6:12  Marine  
  45  6:23  Supply Depot  
  45  6:30  Siege Tank  
  49  6:32  SCV  
  49  6:33  SCV  
  49  6:39  Barracks  
  50  6:43  Marine x2  
  50  6:44  SCV  
  50  6:56  SCV  
  50  6:57  SCV  
  52  7:03  Barracks, Siege Tank  
  52  7:08  SCV  
  56  7:11  SCV  
  57  7:18  Marine x2  
  57  7:20  SCV  
  60  7:23  SCV  
  58  7:33  SCV  
  58  7:35  SCV, Barracks Tech Lab  
  58  7:36  Marine x2  
  57  7:45  SCV, Siege Tank  
  57  7:46  Marine  
  57  7:47  SCV  
  63  7:52  Barracks Tech Lab  
  63  7:54  Marine x2  
  63  7:55  Refinery, Marine  
  63  7:57  SCV  
  67  7:59  SCV  
  67  8:04  Marine  
  69  8:05  Supply Depot  
  69  8:06  Supply Depot  
  69  8:11  Marine  
  69  8:12  Marine  
  70  8:14  Engineering Bay  
  70  8:15  Marine  
  70  8:16  Marine  
  70  8:18  SCV x2  
  75  8:22  Marine  
  75  8:23  Stimpack  
  75  8:29  Marine  
  75  8:30  SCV x2, Marine  
  75  8:33  Marine x2  
  81  8:40  Marine  
  82  8:45  Siege Tank  
  82  8:47  Marine  
  82  8:48  Marine  
  85  8:51  Marine x2  
  85  8:52  Missile Turret  
  90  8:57  Supply Depot  
  90  8:58  Marine  
  90  9:00  Supply Depot  
  91  9:04  Combat Shield  
  91  9:05  Marine  
  91  9:06  Marine  
  91  9:09  Marauder  
  93  9:13  Marauder  
  93  9:15  Marine  
  96  9:17  Missile Turret  
  96  9:23  Marine  
  96  9:24  Marine  
  98  9:30  Marine  
  99  9:33  Marine x2  
  99  9:41  Marine x2  
  98  9:46  Siege Tank  
  98  9:48  Marine  
  98  9:51  Marine x2  
  102  9:58  Marine  
  102  9:59  Marine  
  92  10:06  Marine  
  91  10:07  SCV x2  
  91  10:09  Marine x2  
  92  10:16  Marine  
  92  10:17  Marine  
  91  10:24  Marine  
  91  10:27  Marine  
  90  10:33  Marauder  
  90  10:34  Marine  
  90  10:35  SCV x2, Marine  
  93  10:37  Refinery  
  93  10:48  Marine x2  
  94  10:51  SCV  
  94  10:52  Marine  
  94  10:53  Marine  
  94  10:54  Marauder  
  96  10:58  Barracks x2  
  95  11:10  Marine x4  
  99  11:12  Siege Tank  
  99  11:13  SCV x2  
  99  11:15  Refinery, Marauder  
  106  11:25  SCV x2  
  108  11:28  Marine  
  108  11:32  Marine  
  110  11:34  Barracks Tech Lab  
  110  11:35  Barracks Tech Lab  
  110  11:37  SCV  
  110  11:41  Supply Depot x2  
  110  11:45  SCV  
  110  11:46  Supply Depot  
Tags
 
Add a new tag
Caveats
  • Supply blocks, unpowered buildings, or Contaminate may cause inaccurate times.
  • Supply counts are checked every 10 seconds.